 Dungeon Crawl Stone Soup version 0.31.0-11-ge490571c62 (webtiles) character file.

Game seed: 10374250955383132061

46 Chiseanne the Changeling (level 3, 0/24 HPs)
             Began as an Octopode Shapeshifter on Feb 9, 2024.
             Slain by a gnoll
             ... wielding a +0 spear
              (9 damage)
             ... on level 3 of the Dungeon.
             The game lasted 00:02:41 (1719 turns).

Chiseanne the Changeling (Octopode Shapeshifter)    Turns: 1719, Time: 00:02:42

Health: 0/24       AC:  1    Str: 19    XL:     3   Next: 68%
Magic:  3/3        EV: 13    Int: 12    God:
Gold:   88         SH:  0    Dex: 13    Spells: 2/2 levels left

rFire   . . .        i - +2 spear (venom)
rCold   . . .        (no shield)
rNeg    . . .        (helmet currently unavailable)
rPois   .            (no amulet)
rElec   .            h - +6 ring of strength
rCorr   .            (no ring)
SInv    .            (no ring)
Will    .....        (no ring)
Stlth   +++          (no ring)
HPRegen 0.24/turn    (no ring)
MPRegen 0.08/turn    (no ring)
                     (no ring)

%: no passive effects
@: beast-form
A: beast (slay +1), almost no armour, amphibious, 8 rings, camouflage 1,
gelatinous body 1, (nimble swimmer 1), tentacles
a: Begin Untransformation


You were on level 3 of the Dungeon.
You were a hulking beast.
You visited 1 branch of the dungeon, and saw 3 of its levels.

You collected 88 gold pieces.

Inventory:

Hand Weapons
 i - a +2 spear of venom (weapon)
Missiles
 f - 13 stones (quivered)
 k - 4 poisoned darts
 l - 3 boomerangs
Jewellery
 h - a +6 ring of strength (left tentacle)
Talismans
 b - a beast talisman (active)
 g - a flux talisman
Wands
 m - a wand of roots (8)
Potions
 a - a potion of lignification
 c - a potion of resistance {unknown}
 d - 2 potions of mutation {unknown}
 e - 2 potions of cancellation {unknown}
 j - a potion of brilliance {unknown}


   Skills:
 * Level 1.8 Fighting
 * Level 2.5 Dodging
 * Level 2.0 Stealth
 - Level 3.0 Unarmed Combat
 * Level 3.4 Shapeshifting


You had 2 spell levels left.
You didn't know any spells.
Your spell library contained the following spells:

 Spells                   Type           Power      Damage    Failure   Level
 Call Canine Familiar     Summ           0%         N/A       69%         3
 Sigil of Binding         Hex            0%         N/A       69%         3
 Dimensional Bullseye     Hex/Tloc       0%         N/A       97%         4


Dungeon Overview and Level Annotations

Branches:
Dungeon (3/15)

Altars:

Shops:
D:1 [


Innate Abilities, Weirdness & Mutations

You are a hulking beast.
Your limbs bulge with bestial killing power. (Slay +1)
You cannot wear most types of armour.
You are amphibious.
You can wear up to eight rings at the same time.
Your skin changes colour to match your surroundings (Stealth+).
Your rubbery body absorbs attacks. (AC +1, EV +1)
((You are camouflaged when in or above water. (Stealth+)))
You have tentacles for arms and can constrict up to eight enemies at once.


Message History

You hit the kobold.
You kill the kobold!
No target in view!
No target in view!
No target in view!
No target in view!
No target in view!
No target in view!
No target in view!
No target in view!
No target in view!
No target in view!
Things that are here:
a +0 club; 2 stones; a kobold corpse A bat comes into view.
You see here a wand of roots (8).
You hit the bat but do no damage.
The bat is poisoned.
You grab the bat. You squeeze the bat.
You kill the bat!
m - a wand of roots (8)
d - 2 fizzy red potions (gained 1)
Found a dagger.
A gnoll comes into view. It is wielding a +0 spear.
The gnoll shouts!
You hear a shout! x2
A gnoll comes into view. It is wielding a +0 whip.
A gnoll comes into view. It is wielding a +0 club.
A gnoll comes into view. It is wielding a +0 flail.
The gnoll completely misses you. The gnoll hits you with a +0 spear!
The gnoll hits you with a +0 club.
You hit the gnoll.
The gnoll is poisoned.
You grab the gnoll.
The gnoll is lightly wounded.
You constrict the gnoll. The gnoll closely misses you.
The gnoll hits you with a +0 club.
You release your grip on the gnoll.
The gnoll attacks as it pursues you! The gnoll closely misses you.
The gnoll completely misses you.
You barely miss the gnoll. You grab the gnoll. You squeeze the gnoll!
The gnoll is severely wounded.
You constrict the gnoll.
The gnoll hits you from afar with a +0 spear!
You die...

.........## #...# .
.gg.......# ...#
##.##.# #†####+
#...# .. #......
##.#####.####.####.
##.###...........#+
#ggg##.#.#..###....
##g###....#...#....
##h###....###......
#...##.............
##.###.#...........
##..###+#...........
#........^.....#..#+
#..............#..#
#........#.....#...#
#........#.....##...
################ ##


You could see 4 gnolls.

Vanquished Creatures
  A dart slug (D:1)
  4 ball pythons
  10 bats
  An endoplasm (D:1)
  A giant cockroach (D:1)
  7 goblins
  5 hobgoblins
  2 quokkas
  2 frilled lizards
  5 kobolds
  4 rats (D:1)
42 creatures vanquished.

Notes
Turn   | Place    | Note
-------+----------+-------------------------------------------
     0 | D:1      | Chiseanne the Octopode Shapeshifter began the quest for the
                  | Orb.
     0 | D:1      | Reached XP level 1. HP: 13/13 MP: 1/1
   153 | D:1      | Reached skill level 1 in Stealth
   153 | D:1      | Reached XP level 2. HP: 13/18 MP: 2/2
   196 | D:1      | Found Ariple's Armour Emporium.
   515 | D:1      | Reached XP level 3. HP: 23/23 MP: 3/3
  1719 | D:3      | Slain by a gnoll

Illustrated notes

Levels and vault maps discovered:
D:1:      reono_arrival_mine, layout_basic, serial_shops,
          nicolae_shop_peninsula, chequers_serial_rivers_large_a,
          minmay_misc_feat_plants, minmay_crystal_room, serial_bayou_pond_e
D:2:      minmay_wonky_spiral, layout_rooms
D:3:      layout_basic, amcnicky_mini_corridor_feature

Skill      XL: |  1  2  3 |
---------------+----------+-----
Stealth        | 1 2 |  2.0
Fighting       | |  1.8
Dodging        | |  2.5
Unarmed Combat | |  3.0
Shapeshifting  | |  3.4

Action                     || total
---------------------------++-------
  Melee: Unarmed           ||    54
         Constrict         ||    19
         Tentacles         ||    10
         Punch             ||     2
         Spear             ||    16
    Use: Scroll            ||     4
   Stab: Sleeping          ||    14
 Armour: Skin              ||    23
  Dodge: Dodged            ||    45
   Form: Beast             ||     1
